Map: Cyber Forest LE

Players

candyskull - Winner!

  • Race: Protoss Protoss
  • League: Silver
  • Spawn Location: 11:00

TiPtOP

  • Race: Terran Terran
  • League: Silver
  • Spawn Location: 5:00

VOD

Have the link to the VOD?

Description

Time

  • Played on: Aug. 12, 2019, 10:37 a.m.
  • Length: 22:48
Show
View Real Time Build Order
Export as new Build Order

candyskull Protoss - Winner!

Build Orders: Cannon Rush 

Get SALT Encoding   

  12  0:33  Probe  
  12  0:39  Pylon  
  12  0:41  Probe  
  14  0:50  Probe  
  15  0:59  Forge  
  15  1:02  Probe  
  16  1:10  Pylon  
  16  1:16  Pylon  
  16  1:17  Probe  
  16  1:25  Probe  
  18  1:34  Photon Cannon  
  18  1:36  Photon Cannon  
  18  1:46  Photon Cannon  
  18  1:58  Photon Cannon  
  18  2:10  Assimilator  
  18  2:12  Assimilator  
  18  2:22  Photon Cannon  
  18  2:25  Gateway  
  18  2:28  Probe  
  18  2:36  Probe  
  20  2:46  Probe  
  21  2:58  Probe  
  22  3:10  Probe  
  23  3:16  Cybernetics Core  
  23  3:22  Probe  
  24  3:34  Nexus  
  24  3:56  Stargate  
  24  4:01  Stargate  
  24  4:04  Pylon  
  24  4:08  Pylon  
  24  4:13  Probe  
  25  4:21  Probe  
  25  4:30  Probe, Void Ray  
  26  4:36  Void Ray  
  27  4:42  Probe  
  36  4:54  Probe  
  36  4:56  Probe  
  38  5:08  Probe  
  38  5:13  Void Ray  
  43  5:14  Void Ray  
  43  5:20  Probe  
  48  5:32  Probe  
  49  5:44  Assimilator, Probe  
  49  5:46  Assimilator  
  49  5:49  Probe  
  51  5:56  Probe  
  52  6:02  Probe  
  53  6:08  Probe  
  54  6:13  Photon Cannon  
  54  6:14  Probe  
  54  6:16  Fleet Beacon  
  54  6:17  Probe  
  55  6:25  Probe  
  56  6:26  Probe  
  58  6:35  Probe  
  58  6:38  Probe  
  60  6:40  Photon Cannon  
  60  6:44  Void Ray  
  65  6:47  Probe  
  65  6:55  Void Ray  
  65  6:59  Probe  
  66  7:55  Void Ray  
  70  8:34  Nexus  
  70  8:43  Pylon x2  
  70  8:45  Pylon x2  
  70  8:50  Nexus  
  70  8:57  Pylon  
  70  8:59  Pylon  
  70  9:01  Void Ray, Probe, Adept  
  77  9:13  Probe  
  74  9:26  Probe  
  75  9:31  Adept  
  75  9:38  Probe  
  78  9:44  Carrier x2  
  82  9:50  Probe  
  83  9:58  Probe  
  83  10:01  Stalker  
  83  10:06  Photon Cannon, Probe  
  86  10:08  Photon Cannon  
  86  10:09  Photon Cannon  
  86  10:11  Photon Cannon  
  86  10:13  Photon Cannon  
  87  10:15  Shield Battery  
  87  10:16  Probe  
  87  10:18  Pylon  
  87  10:19  Pylon  
  87  10:20  Pylon  
  88  10:23  Stalker  
  88  10:28  Probe  
  91  10:40  Probe  
  92  10:46  Photon Cannon  
  92  10:48  Carrier, Void Ray  
  92  10:49  Pylon  
  102  10:50  Probe  
  102  10:51  Stalker, Pylon  
  105  10:58  Probe  
  106  11:07  Probe, Twilight Council  
  83  11:19  Probe  
  83  11:21  Zealot  
  83  11:24  Protoss Air Weapons Level 1  
  86  11:31  Probe  
  78  11:48  Zealot  
  69  12:05  Void Ray x2  
  77  12:15  Zealot  
  77  12:16  Pylon  
  77  12:17  Pylon  
  77  12:18  Pylon  
  79  12:25  Probe, Forge  
  80  12:33  Probe  
  80  12:34  Zealot  
  80  12:42  Probe  
  83  12:45  Probe  
  83  12:47  Void Ray  
  83  12:51  Probe  
  87  12:54  Probe  
  89  12:59  Probe  
  89  13:00  Zealot  
  92  13:09  Probe  
  93  13:15  Photon Cannon  
  93  13:16  Photon Cannon  
  93  13:17  Photon Cannon  
  93  13:18  Photon Cannon  
  93  13:21  Probe  
  93  13:23  Photon Cannon x2  
  93  13:26  Photon Cannon  
  96  13:27  Zealot  
  96  13:29  Photon Cannon  
  96  13:30  Photon Cannon, Probe  
  96  13:31  Photon Cannon  
  96  13:33  Protoss Air Armor Level 1  
  97  13:38  Probe  
  97  13:42  Void Ray  
  97  13:47  Probe  
  102  13:54  Zealot  
  104  13:59  Probe  
  105  14:03  Pylon  
  105  14:04  Pylon  
  95  14:11  Probe  
  95  14:21  Zealot, Void Ray  
  99  14:25  Void Ray  
  105  14:38  Assimilator x2  
  105  14:46  Zealot  
  107  14:55  Void Ray, Carrier  
  111  15:12  Zealot  
  119  15:30  Zealot  
  119  15:36  Tempest  
  119  15:38  Nexus  
  126  15:48  Probe  
  126  15:56  Probe  
  127  15:57  Pylon  
  128  16:05  Zealot  
  128  16:06  Probe  
  131  16:14  Dark Shrine  
  132  16:18  Probe  
  132  16:30  Probe  
  132  16:32  Zealot  
  135  16:40  Tempest  
  140  17:01  Zealot  
  140  17:07  Void Ray  
  146  17:23  Void Ray  
  146  17:28  Zealot  
  128  19:12  Pylon  
  128  19:13  Pylon x2  
  128  19:14  Pylon  
  128  19:16  Pylon  
  104  19:27  Void Ray  
  104  19:30  Tempest  
  105  20:09  Void Ray  
  109  20:28  Nexus  
  77  22:12  Assimilator  
  77  22:13  Assimilator  
Show
View Real Time Build Order
Export as new Build Order

TiPtOP Terran 

Build Orders:  

Get SALT Encoding   

  12  0:00  SCV  
  13  0:13  SCV  
  14  0:21  Supply Depot  
  14  0:25  SCV  
  15  0:39  Refinery  
  16  0:42  SCV  
  16  0:47  Barracks  
  16  0:55  SCV  
  17  1:11  SCV  
  18  1:23  SCV  
  19  1:36  Barracks Reactor  
  19  1:40  Command Center  
  19  1:46  SCV  
  20  2:08  SCV  
  20  2:21  Marine  
  20  2:22  Marine, Barracks  
  22  2:28  SCV  
  23  2:43  Orbital Command  
  23  2:51  Marine x2  
  23  2:52  SCV  
  26  3:15  SCV, Barracks  
  26  3:19  Supply Depot  
  27  3:32  Barracks Tech Lab  
  27  3:34  Marine x2  
  29  3:41  SCV  
  29  3:44  SCV  
  31  3:51  Marauder  
  31  3:52  Stimpack, Marine x2  
  35  3:56  SCV  
  35  3:58  SCV  
  37  4:08  SCV  
  38  4:13  Barracks Reactor  
  38  4:15  Refinery  
  38  4:28  Supply Depot  
  38  4:34  SCV  
  38  4:36  Orbital Command  
  39  4:44  Marine x2  
  41  4:46  SCV  
  41  4:50  Marine, Marauder  
  41  4:51  Marine  
  46  5:00  Supply Depot  
  46  5:11  Factory  
  46  5:14  Marine x3  
  46  5:15  Marine  
  46  5:16  Marauder  
  52  5:21  SCV  
  53  5:33  SCV  
  54  5:37  Marine x2  
  54  5:38  Marine x2  
  54  5:39  Marauder  
  60  5:52  Combat Shield  
  60  5:55  Marine x2, Factory Reactor  
  62  5:58  Starport  
  62  6:07  Supply Depot  
  62  6:10  Supply Depot  
  62  6:12  Supply Depot  
  62  6:28  Marine x4  
  62  6:29  Marauder, Supply Depot  
  68  6:37  Engineering Bay  
  68  6:46  Marine  
  69  6:50  Marauder  
  69  6:51  Supply Depot, Factory Tech Lab  
  71  7:04  Refinery  
  65  7:11  Marauder  
  60  7:48  Missile Turret  
  60  7:50  Missile Turret  
  60  7:58  Viking x2  
  64  8:00  Marine x3  
  64  8:01  Marine, Marauder  
  70  8:08  SCV  
  71  8:20  SCV  
  71  8:25  Missile Turret  
  71  8:26  Missile Turret  
  72  8:30  SCV, Supply Depot  
  73  8:38  Terran Infantry Weapons Level 1  
  73  8:39  Marine x2  
  73  8:40  Marine, Marauder  
  78  8:41  Siege Tank  
  78  8:42  SCV  
  82  8:55  Medivac x2  
  84  9:01  Marine  
  84  9:02  Marine x3, Marauder  
  92  9:13  Siege Tank  
  92  9:19  Marine x2  
  89  9:26  Viking x2  
  88  9:51  Siege Tank  
  91  9:52  Marine  
  91  9:53  Marine x4  
  91  9:55  SCV  
  97  10:07  SCV  
  97  10:11  Missile Turret  
  98  10:19  SCV  
  99  10:23  Siege Tank  
  102  11:11  SCV  
  102  11:12  Marine  
  102  11:13  Marine  
  102  11:15  Marine  
  102  11:18  Marine  
  102  11:29  Marauder  
  100  11:38  Marine x3  
  100  11:39  Marine  
  95  11:50  Marauder  
  94  11:56  Marine  
  95  12:05  Marine x3  
  98  12:12  Marauder  
  98  12:13  Marine  
  101  12:23  Marine  
  102  13:50  Viking x2, SCV x2, Marine x2  
  102  13:51  Marine x2, Marauder  
  102  13:55  Terran Infantry Armor Level 1  
  110  14:27  Siege Tank  
  112  15:00  Siege Tank  
  109  15:14  Command Center  
  109  15:15  Marine x3  
  109  15:16  Marauder  
  109  15:20  Medivac x2  
  109  15:21  Command Center  
  118  15:38  Supply Depot  
  118  15:46  Siege Tank  
  118  15:47  Marauder  
  123  16:00  SCV  
  123  16:01  Supply Depot  
  123  16:02  SCV  
  125  16:08  Marauder  
  127  16:12  SCV  
  127  16:14  SCV  
  129  16:18  Siege Tank  
  129  16:24  Supply Depot  
  130  16:54  SCV  
  131  16:55  SCV  
  131  16:59  SCV x2  
  134  17:01  Viking  
  134  17:02  Viking  
  134  17:06  SCV  
  134  17:07  SCV  
  140  17:09  Starport  
  140  17:11  SCV  
  140  17:18  SCV  
  140  17:20  SCV  
  140  17:58  Marine  
  140  17:59  Marine x3  
  123  18:24  Starport Reactor  
  118  18:33  Marine x3  
  115  18:49  Missile Turret  
  115  18:53  Missile Turret  
  115  19:02  Missile Turret  
  115  19:11  Missile Turret  
  115  19:17  Missile Turret  
  107  19:23  Missile Turret  
  102  19:32  Missile Turret  
  102  19:34  Command Center  
  102  19:49  Refinery  
  102  19:50  Refinery  
  102  19:52  Starport Tech Lab  
  102  20:18  Planetary Fortress  
  102  20:35  Supply Depot  
  102  20:55  SCV  
  103  20:59  Barracks, Supply Depot  
  101  21:23  Supply Depot  
  24  21:50  Cyclone  
  24  21:54  Marine x2  
  24  22:01  Viking x3  
  32  22:12  Marine x2  
Tags
 
Add a new tag
Caveats
  • Supply blocks, unpowered buildings, or Contaminate may cause inaccurate times.
  • Supply counts are checked every 10 seconds.